 Dungeon Crawl Stone Soup version 0.30-b1-2-g02819fbbbe (webtiles) character file.

Game seed: 8009699190846180549

(classic levelgen) 674 EnegeticOcto the Chopper (level 7, -1/61 HPs)
             Began as a Minotaur Fighter on May 9, 2023.
             Slain by a white imp (4 damage)
             ... summoned by Eustachio
             ... on level 4 of the Dungeon.
             The game lasted 00:01:48 (2210 turns).

EnegeticOcto the Chopper (Minotaur Fighter)         Turns: 2210, Time: 00:01:49

Health: -1/61      AC:  0    Str: 22    XL:     7   Next: 33%
Magic:  6/6        EV: 13    Int:  5    God:
Gold:   180        SH:  0    Dex: 10    Spells: 6/6 levels left

rFire   . . .        a - melded +1 war axe
rCold   . . .        z - melded +0 kite shield
rNeg    . . .        k - melded +0 plate armour
rPois   .            (helmet currently unavailable)
rElec   .            v - melded +0 cloak
rCorr   .            w - melded +2 pair of gloves
SInv    .            (boots currently unavailable)
Will    .....        (no amulet)
Stlth   +            (ring currently unavailable)
HPRegen 0.30/turn    (ring currently unavailable)
MPRegen 0.10/turn

%: no passive effects
@: pig-form, very quick
A: fast, no casting, small, (horns 2), (retaliatory headbutt)
a: no special abilities


You were on level 4 of the Dungeon.
You were a filthy swine.
You visited 1 branch of the dungeon, and saw 4 of its levels.

You collected 180 gold pieces.

Inventory:

Hand Weapons
 a - a +1 war axe (melded)
 y - the +1 hand axe of the Blowfly {freeze, Fly rCorr}
   (You found it on level 3 of the Dungeon)

   Fly:       It grants you flight.
   rCorr:     It protects you from acid and corrosion.
Armour
 b - a +0 scale mail
 c - a +0 buckler
 k - a +0 plate armour (melded)
   (You found it on level 1 of the Dungeon)
 v - a +0 cloak (melded)
   (You found it on level 3 of the Dungeon)
 w - a +2 pair of gloves (melded)
   (You found it on level 3 of the Dungeon)
 z - a +0 kite shield (melded)
   (You found it on level 3 of the Dungeon)
Jewellery
 g - a ring of resist corrosion
   (You found it on level 1 of the Dungeon)
Wands
 t - a wand of iceblast (10) {@v2}
   (You found it on level 3 of the Dungeon)
Scrolls
 e - a scroll of identify {@r1}
 i - 2 scrolls of teleportation {@r3}
 q - a scroll of fog
 s - a scroll of enchant weapon
Potions
 d - 4 potions of might {@q3}
 h - a potion of curing {@q1}
 j - a potion of attraction
 m - 2 potions of heal wounds {@q2}
 r - 2 potions of invisibility


   Skills:
 + Level 5.6 Fighting
 * Level 6.5 Axes
 + Level 5.5 Armour
 + Level 5.6 Shields


You had 6 spell levels left.
You didn't know any spells.
Your spell library was empty.

Dungeon Overview and Level Annotations

Branches:
Dungeon (4/15)
 Temple: D:4-7

Altars:
Okawaru

Shops:
D:1 (   D:2 :   D:3 (

Annotations:
D:4 Eustachio


Innate Abilities, Weirdness & Mutations

You are a filthy swine.
You move quickly.
Your equipment is almost entirely melded.
You are incapable of wielding weapons or throwing items.
You cannot cast spells.
((You have a pair of horns on your head.))
((You reflexively headbutt those who attack you in melee.))


Message History

You hit Edmund. You freeze Edmund. You headbutt Edmund, but do no damage.
Edmund is severely wounded.
You hit the river rat. You freeze the river rat.
The river rat bites you but does no damage.
Edmund hits you with a +0 dire flail of protection.
Eustachio mumbles some strange words.
You block the river rat's attack.
You barely miss Edmund.
Edmund is severely wounded.
You closely miss the river rat. Edmund hits you but does no damage.
The river rat bites you but does no damage.
You hit Edmund but do no damage. You headbutt Edmund, but do no damage.
Edmund is severely wounded.
You closely miss the river rat. Edmund hits you but does no damage.
The river rat bites you but does no damage.
You closely miss Edmund. Your headbutt misses Edmund.
Edmund is severely wounded.
You hit the river rat but do no damage.
Edmund hits you with a +0 dire flail of protection.
You block the river rat's attack.
You are too injured to fight recklessly!
You are too injured to fight recklessly!
You are too injured to fight recklessly!
You are too injured to fight recklessly!
You are too injured to fight recklessly!
You are too injured to fight recklessly!
You float gracefully downwards.
The +1 hand axe of the Blowfly {freeze, Fly rCorr} stops glowing.
a - a +1 war axe (weapon)
Eustachio casts a spell.
Eustachio blinks!
You block Edmund's attack.
You are too injured to fight recklessly!
You are too injured to fight recklessly!
You are too injured to fight recklessly!
You are too injured to fight recklessly!
You are too injured to fight recklessly!
You are too injured to fight recklessly!
You are too injured to fight recklessly!
You are too injured to fight recklessly!
You are too injured to fight recklessly!
You slash Edmund! You headbutt Edmund.
Edmund is almost dead.
You hit the river rat but do no damage. You hit the white imp.
You block the white imp's attack. You block the river rat's attack.
Edmund hits you but does no damage.
The white imp hits you but does no damage.
The rat twitches its whiskers.
The river rat barely misses you.
You hit Edmund.
You kill Edmund!
You hit the river rat. You hit the white imp.
You kill the white imp!
The white imp disappears in a puff of smoke!
The quokka bites you.
You feel your dexterity returning.
You barely miss the river rat.
The river rat is moderately wounded.
You barely miss the rat. You miss the quokka.
The river rat bites you but does no damage.
The rat bites you but does no damage.
The quokka bites you but does no damage.
You hit the river rat but do no damage.
The river rat is moderately wounded.
You hit the rat.
You kill the rat!
The rat's corpse disappears in a puff of smoke!
You hit the quokka. The river rat bites you. You block the quokka's attack.
The ufetubus hits you but does no damage.
The ufetubus hits you.
* * * LOW HITPOINT WARNING * * *
The river rat barely misses you. You furiously retaliate!
You headbutt the river rat!
You kill the river rat!
The river rat's corpse disappears in a puff of smoke!
The quokka bites you but does no damage.
The ufetubus hits you.
* * * LOW HITPOINT WARNING * * *
You block the ufetubus's attack. The quokka closely misses you.
Things that are here:
a +0 dire flail of protection; a +2 scale mail of fire resistance; the human corpse of Edmund You closely miss the quokka.
You headbutt the quokka.
You kill the quokka!
The quokka's corpse disappears in a puff of smoke!
You closely miss the white imp. You slash the ufetubus!
You kill the ufetubus!
The ufetubus disappears in a puff of smoke!
You hit the white imp.
Eustachio zaps a wand.
You turn into a filthy swine.
Your +1 war axe melds into your body.
Your +0 cloak melds into your body.
Your +2 pair of gloves melds into your body.
Your +0 kite shield melds into your body.
Your +0 plate armour melds into your body.
The white imp gestures at you. The puff of frost hits you!
* * * LOW HITPOINT WARNING * * *
The white imp hits you.
* * * LOW HITPOINT WARNING * * *
The white imp freezes you.
You die...

##...#....# ##...#
#### .....##
###...## # ##...#
#...#
##5.##############
#..@......§5<†..####
##........@rh......#
#.......######....#
#......## ...#
##.....# 8.# #.....#
.# #.....# # #.....#
#.....# ###.#.#


You could see Eustachio, a white imp (summoned) and a rat (summoned).

Vanquished Creatures
  Pikel (D:4)
  Edmund (D:4)
  4 gnolls (D:3)
  3 adders
  A dart slug (D:2)
  3 orcs (D:3)
  7 bats
  3 endoplasms
  3 goblins (D:2)
  5 hobgoblins
  7 jackals
  3 quokkas
  6 ball pythons
  A frilled lizard (D:2)
  2 kobolds
  4 rats
54 creatures vanquished.

Vanquished Creatures (others)
  5 toadstools (D:1)
5 creatures vanquished.

Grand Total: 59 creatures vanquished

Notes
Turn   | Place    | Note
-------+----------+-------------------------------------------
     0 | D:1      | EnegeticOcto the Minotaur Fighter began the quest for the
                  | Orb.
     0 | D:1      | Reached XP level 1. HP: 19/19 MP: 0/0
   133 | D:1      | Reached XP level 2. HP: 27/27 MP: 1/1
   181 | D:1      | Reached skill level 3 in Axes
   295 | D:1      | Found Ulustrig's Weapon Shop.
   389 | D:1      | Found a faded altar of an unknown god.
   711 | D:2      | Reached XP level 3. HP: 32/33 MP: 2/2
   761 | D:2      | Found Xucrer's Book Boutique.
  1276 | D:3      | Found Keonyb's Weapon Shop.
  1416 | D:3      | Reached XP level 4. HP: 39/40 MP: 3/3
  1615 | D:3      | Found an iron altar of Okawaru.
  1627 | D:3      | Reached skill level 4 in Axes
  1643 | D:3      | Identified the +1 hand axe of the Blowfly {freeze, Fly
                  | rCorr}
  1974 | D:4      | Noticed a lemure
  1974 | D:4      | Noticed a lemure
  1975 | D:4      | Noticed Pikel
  1975 | D:4      | Noticed a lemure
  1982 | D:4      | Noticed a lemure
  1992 | D:4      | Killed Pikel
  1993 | D:4      | Reached skill level 5 in Fighting
  1993 | D:4      | Reached skill level 6 in Axes
  1993 | D:4      | Reached skill level 5 in Armour
  1993 | D:4      | Reached skill level 5 in Shields
  1993 | D:4      | Reached XP level 5. HP: 24/48 MP: 4/4
  1993 | D:4      | Reached XP level 6. HP: 28/56 MP: 5/5
  1993 | D:4      | Reached XP level 7. HP: 31/61 MP: 6/6
  2009 | D:4      | Noticed Eustachio
  2052 | D:4      | Noticed Edmund
  2204 | D:4      | Killed Edmund
  2210 | D:4      | HP: 3/61 [white imp[Eustachio] (2)]
  2210 | D:4      | Slain by a white imp

Illustrated notes

Levels and vault maps discovered:
D:1:      ldierk_walled_garden, layout_loops_cross, basic_ecumenical_altar,
          serial_shops, shop
D:2:      layout_loops_ring, serial_shops, nicolae_shop_behind_doors
D:3:      layout_basic, okawaru_ov_weapons_minmay, serial_shops, shop_statue
D:4:      layout_rooms, jmf_multi_god_temple2, nicolae_gozag_seed_capital,
          grunt_decor_fettered, uniq_pikel, uniq_edmund, uniq_eustachio

Skill      XL: |  1  2  3  4 |
---------------+-------------+-----
Axes           | 3 6 |  6.5
Fighting       | 4 5 |  5.6
Armour         | 4 5 |  5.5
Shields        | 4 5 |  5.6

Action                     |  1- 3 |  4- 6 |  7- 9 || total
---------------------------+-------+-------+-------++-------
  Melee: War axe           |    83 |    23 |     6 ||   112
         Headbutt          |    11 |     5 |    10 ||    26
         Hand axe          |       |    24 |    30 ||    54
         Unarmed           |       |       |     7 ||     7
    Use: Scroll            |       |    14 |       ||    14
 Armour: Scale mail        |    17 |       |       ||    17
         Plate armour      |    36 |    40 |    32 ||   108
  Dodge: Dodged            |    19 |    17 |    20 ||    56
  Block: Buckler           |    14 |     3 |       ||    17
         Kite shield       |       |     8 |    25 ||    33
